 Dungeon Crawl Stone Soup version 0.20.1-1-g8b1a95d (webtiles) character file.

1689 keltmir the Cleaver (level 8, -2/74 HPs)
             Began as a Minotaur Gladiator on Oct 27, 2017.
             Was a High Priest of Jiyva.
             Succumbed to a killer bee's poison
             ... on level 5 of the Dungeon.
             The game lasted 00:23:15 (5423 turns).

keltmir the Cleaver (Minotaur Gladiator)            Turns: 5423, Time: 00:23:16

Health: -2/74      AC:  4    Str: 19    XL:     8   Next: 71%
Magic:  7/7        EV: 13    Int:  8    God:    Jiyva [*****.]
Gold:   192        SH:  0    Dex: 11    Spells: 7/7 levels left

rFire    . . .     SeeInvis .   a - +1 war axe
rCold    . . .     Gourm    .   (no shield)
rNeg     . . .     Faith    .   b - +1 leather armour
rPois    .         Spirit   .   c - +0 hat
rElec    .         Reflect  .   (no cloak)
rCorr    +         Harm     .   (no gloves)
MR       .....                  (no boots)
Stlth    +.........             (no amulet)
Regen    0.3/turn               (no ring)
MPRegen  0.1/turn               (no ring)

@: lethally poisoned (-2 -> -32)
A: retaliatory headbutt, horns 2, high mp 1, acidic bite, translucent skin 1
a: Request Jelly, Slimify, Cure Bad Mutation, Renounce Religion


You were on level 5 of the Dungeon.
You worshipped Jiyva.
Jiyva was extremely pleased with you.
You were very full.

You visited 1 branch of the dungeon, and saw 5 of its levels.

You collected 192 gold pieces.

Inventory:

Hand Weapons
 a - a +1 war axe (weapon)
 g - a +0 dire flail of venom
Missiles
 d - 2 throwing nets (quivered)
 k - 8 tomahawks
Armour
 b - a +1 leather armour (worn)
 c - a +0 hat (worn)
Jewellery
 p - an uncursed amulet of faith
Scrolls
 e - a scroll of amnesia
 i - a scroll of fear
 j - a scroll of holy word {unknown}
 l - a scroll of magic mapping
 m - a scroll of identify
Potions
 n - a potion of flight {unknown}
 q - a potion of brilliance {unknown}
 t - 2 potions of lignification {unknown}
Comestibles
 f - a bread ration
 r - 2 meat rations
 v - a royal jelly


   Skills:
 * Level 7.8 Fighting
 + Level 10.1 Axes
 + Level 2.1 Throwing
 + Level 5.4 Armour
 - Level 3.4 Dodging


You had 7 spell levels left.
You didn't know any spells.

Dungeon Overview and Level Annotations

Branches:
Dungeon (5/15)
 Temple: D:4-7

Altars:
Elyvilon
Fedhas
Makhleb
Vehumet
Yredelemnul
Jiyva


Innate Abilities, Weirdness & Mutations

You reflexively headbutt those who attack you in melee.
You have a pair of horns on your head.
You have an increased reservoir of magic. (+10% MP)
You have acidic saliva.
Your translucent skin slightly reduces your foes' accuracy. (Stealth)


Message History

The killer bee buzzes angrily.
You feel much better.
You feel very sick.
The killer bee stings you but does no damage.
The killer bee stings you.
* * * LOW HITPOINT WARNING * * *
The killer bee misses you. The killer bee closely misses you.
You furiously retaliate!
You headbutt the killer bee.
You kill the killer bee!
* * * LOW HITPOINT WARNING * * *
You feel very sick. The killer bee closely misses you.
* * * LOW HITPOINT WARNING * * *
You feel very sick. The killer bee barely misses you.
* * * LOW HITPOINT WARNING * * *
You feel very sick. The killer bee stings you!
* * * LOW HITPOINT WARNING * * *
You die...

.##......####.....###'###.#
.##...####)+......#..'....#
.##......####.....###'###.#
.J..........###..##.....#†#
J##..)..###...##.#.....##.#
.##.....###....##+.....#..#
.##.....##<.....##....##.##
#######..........######.†#
..........###..#@.yyy...##
######...## #..J.#y##†#.#
....### #.#..#J##...# ####
#.##.#.####.# . #.##.#.#
#.# ## #.##...# #.#
#.###.#####.####
#.###.##.......#
#.#............#


You could see 4 killer bees and a neutral jelly (fellow slime).

Vanquished Creatures
  3 soldier ants
  Edmund (D:4)
  4 water moccasins
  A sky beast (D:5)
  3 ogres
  A scorpion (D:3)
  3 killer bees (D:5)
  2 hounds
  An orc priest (D:5)
  Natasha (D:3)
  7 worker ants
  The ghost of 0x5F3759DF the Grave Robber, a weakling DENe (D:4)
  2 worker ant zombies (D:5)
  Robin (D:3)
  3 adders
  2 worms
  A leopard gecko (D:2)
  5 orcs (D:4)
  2 giant cockroaches
  12 goblins
  7 hobgoblins
  4 jackals
  6 kobolds
  3 bats (D:2)
  A frilled lizard (D:4)
  6 rats
83 creatures vanquished.

Vanquished Creatures (others)
  An ice beast (D:5)
  A sky beast (D:4)
  13 jellies
  A gnoll shaman (D:4)
  4 orc wizards (D:4)
  Crazy Yiuf (D:4)
  An orc priest (D:5)
  Natasha (twice) (D:3)
  3 worker ants
  2 adders
  A howler monkey skeleton (D:5)
  An ooze (D:4)
  A worm (D:3)
  A leopard gecko (D:3)
  9 orcs
  2 giant cockroaches
  3 goblins
  2 hobgoblins (D:3)
  4 jackals (D:3)
  3 kobolds (D:3)
  2 quokkas
  A ball python skeleton (D:4)
  A bat (D:3)
  4 frilled lizards
  A quokka skeleton (D:5)
  A rat (D:3)
  A bush (D:2)
67 creatures vanquished.

Grand Total: 150 creatures vanquished

Notes
Turn   | Place    | Note
-------+----------+-------------------------------------------
     0 | D:1      | keltmir the Minotaur Gladiator began the quest for the Orb.
     0 | D:1      | Reached XP level 1. HP: 18/18 MP: 0/0
   663 | D:2      | Reached skill level 4 in Axes
   788 | D:2      | Found a blossoming altar of Fedhas.
   803 | D:2      | Reached XP level 2. HP: 25/25 MP: 1/1
   936 | D:2      | Found a faded altar of an unknown god.
   967 | D:2      | Became a worshipper of Jiyva Jesaw the Shapeless
   967 | D:2      | Reached * piety under Jiyva
  1214 | D:2      | Reached ** piety under Jiyva
  1343 | D:2      | Reached XP level 3. HP: 29/30 MP: 2/2
  1397 | D:3      | Noticed Robin
  1398 | D:3      | Noticed a scorpion
  1427 | D:3      | Killed a scorpion
  1427 | D:3      | Reached skill level 5 in Axes
  1427 | D:3      | Reached skill level 1 in Armour
  1427 | D:3      | Reached XP level 4. HP: 18/38 MP: 3/3
  1439 | D:3      | Killed Robin
  1917 | D:3      | Reached XP level 5. HP: 36/45 MP: 4/4
  1996 | D:3      | Killed Natasha
  1998 | D:3      | Reached *** piety under Jiyva
  2116 | D:3      | Killed Natasha
  2122 | D:3      | Noticed Natasha
  2128 | D:3      | Killed Natasha
  2134 | D:3      | Gained mutation: Your translucent skin slightly reduces your foes' accuracy. (Stealth) [Jiyva's grace]
  2481 | D:4      | Found a runed door.
  2496 | D:4      | Noticed 0x5F3759DF's ghost (weakling DENe)
  2508 | D:4      | Killed 0x5F3759DF's ghost
  2715 | D:4      | Reached skill level 6 in Axes
  2752 | D:4      | Reached **** piety under Jiyva
  2769 | D:4      | Gained mutation: You have an increased reservoir of magic. (+10% MP) [Jiyva's grace]
  2846 | D:4      | Reached XP level 6. HP: 16/52 MP: 5/5
  2888 | D:4      | Found a radiant altar of Vehumet.
  3187 | D:4      | Found a basalt altar of Yredelemnul.
  3199 | D:4      | Gained mutation: Your muscles are strong. (Str +2) [Jiyva's grace]
  3583 | D:4      | Noticed Crazy Yiuf
  3598 | D:4      | Killed Crazy Yiuf
  3600 | D:4      | Reached ***** piety under Jiyva
  3634 | D:5      | Entered Level 5 of the Dungeon
  3693 | D:5      | Noticed Edmund
  3754 | D:4      | Killed Edmund
  3754 | D:4      | Reached skill level 7 in Axes
  4063 | D:5      | Lost mutation: Your muscles are strong. (Str +2) [Jiyva's grace]
  4076 | D:5      | Found a white marble altar of Elyvilon.
  4076 | D:5      | Noticed a sky beast
  4093 | D:4      | Killed a sky beast
  4093 | D:4      | Reached XP level 7. HP: 27/60 MP: 6/6
  4307 | D:5      | Found a burning altar of Makhleb.
  4360 | D:5      | Reached skill level 5 in Fighting
  4397 | D:5      | Found a runed door.
  4407 | D:5      | Found a runed gate.
  4437 | D:5      | Reached skill level 8 in Axes
  4469 | D:5      | Found a runed gate.
  4470 | D:5      | Found a runed door.
  4483 | D:5      | Found a runed gate.
  4650 | D:4      | Reached skill level 9 in Axes
  4650 | D:4      | Reached XP level 8. HP: 34/70 MP: 7/7
  4653 | D:4      | Reached skill level 5 in Armour
  4976 | D:5      | Gained mutation: You have acidic saliva. [Jiyva's grace]
  5253 | D:5      | Reached skill level 10 in Axes
  5422 | D:5      | HP: 1/74 [killer bee (9)]
  5423 | D:5      | Succumbed to a killer bee's poison

Skill      XL: |  1  2  3  4  5  6  7  8 |
---------------+-------------------------+-----
Axes           | 4 5 6 7 9 10 | 10.1
Fighting       | 3 4 6 7 |  7.8
Armour         | 1 2 3 4 5 |  5.4
Throwing       | |  2.1
Dodging        | |  3.4

Action                   |  1- 3 |  4- 6 |  7- 9 || total
-------------------------+-------+-------+-------++-------
Melee: War axe           |    60 |   105 |    77 ||   242
       Headbutt          |     4 |    23 |     9 ||    36
Throw: Throwing net      |       |     1 |       ||     1
Invok: Cure Bad Mutation |       |       |     1 ||     1
  Use: Potion            |     2 |     2 |     2 ||     6
       Scroll            |       |     9 |       ||     9
  Eat: Chunk             |     1 |     1 |       ||     2
       Bread ration      |       |       |     1 ||     1
Armor: Leather armour    |    25 |    25 |    24 ||    74
Dodge: Dodged            |    51 |    74 |   117 ||   242
